 Dungeon Crawl Stone Soup version 0.31-a0-620-gd1cbd99268 (webtiles) character file.

Game seed: 9797421609377019474

43 zxpr0jk the Ducker (level 3, -2/27 HPs)
             Began as a Vampire Gladiator on Aug 24, 2023.
             Shot with a sling bullet by a goblin (5 damage)
             ... on level 2 of the Dungeon.
             The game lasted 00:05:27 (647 turns).

zxpr0jk the Ducker (Vampire Gladiator)               Turns: 647, Time: 00:05:28

Health: -2/27      AC:  3    Str: 15    XL:     3   Next: 37%
Magic:  3/3        EV: 13    Int: 10    God:
Gold:   27         SH:  0    Dex: 15    Spells: 2/2 levels left

rFire   . . .        a - +0 long sword
rCold   . . .        (no shield)
rNeg    . . .        b - +0 leather armour
rPois   .            c - melded +0 helmet
rElec   .            (cloak currently unavailable)
rCorr   .            i - melded +0 pair of gloves
SInv    +            (boots currently unavailable)
Will    .....        (no amulet)
Stlth   +            h - ring of wizardry
HPRegen 0.44/turn    (no ring)
MPRegen 0.08/turn

%: wizardry (x1)
@: brilliant, beast-form, healing quickly
A: beast (slay +0), alive, fangs 3, see invisible, vampiric 2
a: Exsanguinate, Begin Untransformation


You were on level 2 of the Dungeon.
You were a hulking beast.
You visited 1 branch of the dungeon, and saw 2 of its levels.

You collected 27 gold pieces.

Inventory:

Hand Weapons
 a - a +0 long sword (weapon)
Missiles
 d - 2 throwing nets (quivered)
 e - a javelin
Armour
 b - a +0 leather armour (worn)
 c - a +0 helmet (melded)
 i - a +0 pair of gloves (melded)
Jewellery
 h - a ring of wizardry (left hand)
Talismans
 k - a beast talisman (active)
Scrolls
 f - 4 scrolls of identify
 j - a scroll of revelation
Potions
 g - 2 potions of brilliance


   Skills:
 - Level 1.8 Fighting
 - Level 3.6 Long Blades
 - Level 1.5 Throwing
 + Level 3.9 Dodging
 * Level 1.3 Shapeshifting


You had 2 spell levels left.
You didn't know any spells.
Your spell library was empty.

Dungeon Overview and Level Annotations

Branches:
Dungeon (2/15)

Altars:

Shops:
D:1 *:!*

Annotations:
D:2 1 runed translucent door, Crazy Yiuf, Sigmund


Innate Abilities, Weirdness & Mutations

You are a hulking beast.
Your limbs bulge with bestial killing power. (Slay +0)
Your natural rate of healing is accelerated.
You have razor-sharp teeth.
You have supernaturally acute eyesight. (SInv)
You are afflicted with vampirism and can become a bat while bloodless.


Message History

The magic dart hits you. The adder barely misses you.
The adder attacks as it pursues you! The adder bites you but does no damage.
The adder closely misses you.
You closely miss the adder.
The adder is lightly wounded.
The adder closely misses you.
You barely miss the adder. You bite the adder.
The adder is severely wounded.
The adder misses you. The adder bites you.
You closely miss the adder.
The adder is severely wounded.
The adder bites you.
You are poisoned.
The adder poisons you!
You hit the adder.
You kill the adder!
You feel sick.
A goblin is nearby!
It was a potion of brilliance.
You feel clever all of a sudden.
You feel sick.
The goblin shoots a sling bullet.
The sling bullet closely misses you.
You feel sick.
You are no longer poisoned.
Sigmund misses you.
The goblin unwields a +0 sling.
The goblin wields a +0 dagger.
The goblin barely misses you. Sigmund barely misses you.
The goblin unwields a +0 dagger.
The goblin wields a +0 sling.
The goblin shoots a sling bullet.
The sling bullet hits you.
* * * LOW HITPOINT WARNING * * *
The goblin shoots a sling bullet.
The sling bullet hits you.
* * * LOW HITPOINT WARNING * * *
You open the door.
The goblin shoots a sling bullet.
The sling bullet misses you.
Okay, then.
As you read the scroll labelled TINAPH KONUF, it crumbles to dust.
It is a scroll of identify.
j - a scroll of revelation The goblin shoots a sling bullet.
The sling bullet hits you.
You die...

#.#
#############.#########K. .
..>...................'.....
#################.#####.....
+..)†........
##.##########.. ### ###
+....@.....@... ..## ###..)#
#####g##......#.
...####.+...#
#'h....#..g...#
....#..##...#
#####..#........ ...#.###
### #..#........ ######
#..#.###.... ...#.# #..#
....#+# #.. ..... ......


You could see a goblin.

Vanquished Creatures
  2 adders (D:2)
  A dart slug (D:1)
  A bat (D:1)
  4 endoplasms (D:1)
  2 giant cockroaches (D:1)
  2 hobgoblins (D:2)
  A quokka (D:1)
  2 ball pythons (D:1)
  4 kobolds
  2 rats (D:1)
21 creatures vanquished.

Notes
Turn   | Place    | Note
-------+----------+-------------------------------------------
     0 | D:1      | zxpr0jk the Vampire Gladiator began the quest for the Orb.
     0 | D:1      | Reached XP level 1. HP: 16/16 MP: 1/1
    94 | D:1      | Found Etwaseuff's General Store.
   111 | D:1      | Reached XP level 2. HP: 20/22 MP: 2/2
   294 | D:1      | Found Pofidafo's Distillery.
   305 | D:1      | Found Hogealel's Assorted Antiques.
   429 | D:1      | Found Gaid's Book Boutique.
   540 | D:2      | Found a runed translucent door.
   541 | D:2      | Noticed Crazy Yiuf
   603 | D:2      | Reached skill level 1 in Shapeshifting
   603 | D:2      | Gained mutation: You are afflicted with vampirism and can
                  | become a bat while bloodless. [Vampire growth]
   603 | D:2      | Reached XP level 3. HP: 19/27 MP: 3/3
   630 | D:2      | Noticed Sigmund
   647 | D:2      | Shot with a sling bullet by a goblin

Illustrated notes

Levels and vault maps discovered:
D:1:      saegor_arrival_miasma, layout_rooms, serial_shops, shop_statue, shop,
          nicolae_diamond_shop, nicolae_shop_window_shopping, minivault_25
D:2:      layout_basic, hangedman_decor_lopped, nicolae_underground_beach,
          uniq_sigmund, uniq_crazy_yiuf_cottage

Skill      XL: |  1  2 |
---------------+-------+-----
Shapeshifting  | 1 |  1.3
Fighting       | |  1.8
Long Blades    | |  3.6
Throwing       | |  1.5
Dodging        | |  3.9

Action                     || total
---------------------------++-------
  Melee: Long sword        ||    62
         Bite              ||     2
  Throw: Throwing net      ||     2
    Use: Scroll            ||     1
         Potion            ||     1
 Armour: Leather armour    ||    12
  Dodge: Dodged            ||    62
   Form: Beast             ||     1

Table legend: (Time is in decaauts)
 A = Elapsed time spent in this place.
 B = Non-inter-level travel time spent in this place.
 C = Inter-level travel time spent in this place.
 D = Time resting spent in this place.
 E = Time spent auto-exploring this place.
 F = Levels seen in this place.
 G = Mean time per level.
                   A        B        C        D        E       F      G
               +--------+--------+--------+--------+--------+-----+--------+
         Total |    659 |    633 |     26 |      0 |    431 |   2 |  329.5 |
       Dungeon |    659 |    633 |     26 |      0 |    431 |   2 |  329.5 |
               +--------+--------+--------+--------+--------+-----+--------+

Top non-repeatable levels by time:
     D:1: 531 daAuts
     D:2: 128 daAuts
